 Dungeon Crawl Stone Soup version 0.31.0-4-g52a2dc7128 (webtiles) character file.

Game seed: 12034698205384957989

108547 Aviak the Gnoll Aeon (level 16, -18/125 HPs)
             Began as a Gnoll Ice Elementalist on Jan 22, 2024.
             Was the Champion of Cheibriados.
             Demolished by a fenstrider witch
             ... wielding a staff of death
              (19 damage)
             ... while paralysed by a fenstrider witch
             ... on level 1 of the Swamp.
             The game lasted 01:11:11 (22202 turns).

Aviak the Gnoll Aeon (Gnoll Ice Elementalist)      Turns: 22202, Time: 01:11:12

Health: -18/125    AC: 11    Str: 28    XL:     16   Next: 49%
Magic:  10/32      EV:  2    Int: 31    God:    Cheibriados [******]
Gold:   1109       SH:  0    Dex: 26    Spells: 3/39 levels left

rFire   + + +        L - +4 broad axe (freeze)
rCold   + + .        K - +0 buckler
rNeg    . . .        W - +0 robe of the Invisible Tales {rC+ Regen+ Dex-2 Archmagi}
rPois   +            N - +0 hat of Cheibriados's Favour {rElec rCorr Str+4 Int-5}
rElec   +            M - scarf {rC+ rF+}
rCorr   +            p - +1 pair of gloves
SInv    .            n - +0 pair of boots
Will    +....        G - amulet of Vitality {RegenMP++ Regen++}
Stlth   +++++++      H - ring of wizardry
HPRegen 2.80/turn    D - ring "Egaq Too" {rPois rF++ AC+4 Stlth+}
MPRegen 1.03/turn

%: wizardry (x1), archmagi
@: paralysed, studying Invocations, very slow
A: fangs 1, strong nose, distributed training
a: Renounce Religion, Bend Time, Temporal Distortion, Slouch, Step From Time


You were on level 1 of the Swamp.
You worshipped Cheibriados.
Cheibriados was exalted by your worship.
You visited 5 branches of the dungeon, and saw 24 of its levels.
You also visited: Bailey and Ice Cave.

You collected 3372 gold pieces.
You spent 2263 gold pieces at shops.

Inventory:

Hand Weapons
 L - a +4 broad axe of freezing (weapon)
 R - a +3 scimitar of flaming
Armour
 m - a +2 helmet of intelligence
 n - a +0 pair of boots (worn)
 p - a +1 pair of gloves (worn)
 A - the +4 scale mail of Monotheism {rPois Will+++ Dex+2 Stlth-}
   (You found it on level 13 of the Dungeon)

   Dex+2:     It affects your dexterity (+2).
   rPois:     It protects you from poison Will+++: It greatly increases your
   willpower.
   Stlth-:    It makes you less stealthy.
 K - a +0 buckler (worn)
 M - a scarf of resistance (worn)
 N - the +0 hat of Cheibriados's Favour (worn) {rElec rCorr Str+4 Int-5}
   (You found it on level 9 of the Dungeon)

   Str+4:     It affects your strength (+4).
   Int-5:     It affects your intelligence (-5).
   rElec:     It insulates you from electricity.
   rCorr:     It protects you from acid and corrosion.
 W - the +0 robe of the Invisible Tales (worn) {rC+ Regen+ Dex-2 Archmagi}
   (You found it on level 1 of the Lair of Beasts)

   Dex-2:     It affects your dexterity (-2).
   rC+:       It protects you from cold.
   Regen+:    It increases your rate of health regeneration.
   Archmagi:  It increases the power of your magical spells.
Jewellery
 d - a +6 ring of strength
 D - the ring "Egaq Too" (right hand) {rPois rF++ AC+4 Stlth+}
   (You took it off a deep elf pyromancer on level 9 of the Dungeon)

   [ring of protection]

   AC+4:      It affects your AC (+4).
   rF++:      It greatly protects you from fire.
   rPois:     It protects you from poison Stlth+: It makes you more stealthy.
 F - a ring of protection from fire
 G - the amulet of Vitality (around neck) {RegenMP++ Regen++}
   (You found it on level 5 of the Lair of Beasts)

   [amulet of magic regeneration]

   RegenMP:   It increases your rate of magic regeneration.
   Regen++:   It increases your rate of health regeneration.
 H - a ring of wizardry (left hand)
 O - a +6 ring of strength
 T - the ring "Jalethra" {Fire +Blink}
   (You took it off a centaur warrior on level 9 of the Dungeon)

   [ring of fire]

   Fire:      It enhances your fire magic.
   rF+:       It protects you from fire.
   rC-:       It makes you vulnerable to cold.
   +Blink:    It lets you blink.
 Y - the ring of Irrepressible Laughter {Fire Dex+6}
   (You found it on level 10 of the Dungeon)

   [ring of fire]

   Fire:      It enhances your fire magic.
   Dex+6:     It affects your dexterity (+6).
   rF+:       It protects you from fire.
   rC-:       It makes you vulnerable to cold.
 Z - a ring of see invisible
Wands
 b - a wand of roots (8)
 g - a wand of light (3)
 k - a wand of polymorph (27)
 v - a wand of charming (8)
 y - a wand of flame (49)
 X - a wand of mindburst (9)
Scrolls
 a - 3 scrolls of revelation
 e - 3 scrolls of vulnerability {!r}
 q - 4 scrolls of enchant armour
 s - 3 scrolls of summoning {!r}
 t - 8 scrolls of teleportation
 w - 2 scrolls of amnesia
 x - 5 scrolls of blinking
 z - 6 scrolls of immolation
 B - a scroll of enchant weapon
 I - 5 scrolls of fear
 J - 4 scrolls of torment {!r}
 Q - a scroll of fog
 S - 3 scrolls of poison
Potions
 c - 21 potions of curing
 f - a potion of berserk rage
 h - 10 potions of heal wounds
 i - a potion of invisibility
 j - 5 potions of attraction
 l - 2 potions of cancellation
 o - 4 potions of enlightenment
 u - a potion of resistance
 C - 3 potions of brilliance
 E - 3 potions of might
 P - 3 potions of magic
 U - 3 potions of ambrosia
 V - 4 potions of mutation {!q}
Miscellaneous
 r - a condenser vane


   Skills:
 + Level 11.3 Fighting
 + Level 11.3 Short Blades
 + Level 11.3 Long Blades
 + Level 11.3 Axes
 + Level 11.3 Maces & Flails
 + Level 11.3 Polearms
 + Level 11.3 Staves
 + Level 11.3 Ranged Weapons
 + Level 11.3 Throwing
 + Level 11.3 Armour
 + Level 12.2 Dodging
 + Level 12.0 Stealth
 + Level 11.3 Shields
 + Level 11.3 Unarmed Combat
 + Level 12.3 Spellcasting
 + Level 9.5 Conjurations
 + Level 9.5 Hexes
 + Level 9.5 Summonings
 + Level 9.5 Necromancy
 + Level 9.5 Translocations
 + Level 9.5 Fire Magic
 + Level 11.8 Ice Magic
 + Level 9.5 Air Magic
 + Level 9.5 Earth Magic
 + Level 9.5 Alchemy
 + Level 12.4 Invocations
 + Level 11.3 Evocations
 + Level 10.4 Shapeshifting


You had 3 spell levels left.
You knew the following spells:

 Your Spells              Type           Power      Damage    Failure   Level
a - Plasma Beam           Fire/Air       43%        2x1d57    3%          6
b - Summon Ice Beast      Ice/Summ       91%        N/A       1%          3
c - Frozen Ramparts       Ice            100%       1d16      1%          3
d - Ozocubu's Armour      Ice            95%        N/A       1%          3
e - Irradiate             Conj/Alch      43%        3d26      1%          5
f - Bombard               Conj/Erth      43%        9d7       3%          6
g - Lee's Rapid Deconstr  Erth           43%        3d21*     1%          5
w - Borgnjor's Vile Clut  Necr/Erth      43%        N/A       1%          5

Your spell library contained the following spells:

 Spells                   Type           Power      Damage    Failure   Level
 Freeze                   Ice            100%       1d10      0%          1
 Magic Dart               Conj           100%       1d8       1%          1
 Shock                    Conj/Air       100%       1d9       1%          1
 Sting                    Conj/Alch      100%       1d9       1%          1
 Summon Small Mammal      Summ           100%       N/A       1%          1
 Blink                    Tloc           100%       N/A       1%          2
 Call Imp                 Summ           100%       N/A       1%          2
 Mercury Vapours          Alch/Air       100%       N/A       1%          2
 Mephitic Cloud           Conj/Alch/Air  87%        N/A       1%          3
 Swiftness                Air            87%        N/A       1%          3
 Volatile Blastmotes      Fire/Tloc      100%       2d18      1%          3
 Airstrike                Air            43%        2d(7-23)  1%          4
 Animate Armour           Summ/Erth      100%       N/A       1%          4
 Animate Dead             Necr           87%        N/A       1%          4
 Fulminant Prism          Conj/Alch      43%        3d19      1%          4
 Iskenderun's Mystic Bla  Conj/Tloc      87%        2d17      1%          4
 Leda's Liquefaction      Alch/Erth      43%        N/A       1%          4
 Olgreb's Toxic Radiance  Alch           87%        N/A       1%          4
 Petrify                  Alch/Erth      87%        N/A       1%          4
 Summon Blazeheart Golem  Fire/Summ      87%        N/A       1%          4
 Vhi's Electric Charge    Tloc/Air       100%       N/A       1%          4
 Alistair's Intoxication  Alch           58%        N/A       1%          5
 Arcjolt                  Conj/Air       43%        1d53      1%          5
 Metabolic Englaciation   Hex/Ice        45%        N/A       1%          5
 Summon Mana Viper        Hex/Summ       87%        N/A       1%          5
 Sculpt Simulacrum        Ice/Alch       45%        N/A       2%          6
 Death Channel            Necr           43%        N/A       3%          6
 Malign Gateway           Summ/Tloc      43%        N/A       19%         7
 Monstrous Menagerie      Summ           43%        N/A       19%         7
 Orb of Destruction       Conj           43%        9d12      19%         7
 Spellforged Servitor     Conj/Summ      43%        N/A       19%         7


Dungeon Overview and Level Annotations

Branches:
Dungeon (15/15)            Temple (1/1) D:5            Lair (5/5) D:9
  Swamp (1/4) Lair:2        Snake (0/4) Lair:3        Slime (0/5) Lair:4
    Orc (2/2) D:12            Elf (0/3) Orc:2        Vaults (0/5) D:13
 Depths (0/4) D:15         Bailey (visited)           IceCv (visited)

Altars:
Ashenzari
Cheibriados
Dithmenos
Elyvilon
Fedhas
Gozag
Hepliaklqana
Kikubaaqudgha
Makhleb
Nemelex Xobeh
Okawaru
Qazlal
Ru
Sif Muna
Trog
Uskayaw
Vehumet
Wu Jian
Xom
Yredelemnul
Zin
The Shining One

Shops:
D:1 !   D:8 *   D:9 :!   D:14 *   Orc:2 *?!!:

Annotations:
D:4 3 runed translucent doors, braks's ghost, weakling DsDe
D:6 3 runed translucent doors, NitroKuite's ghost, novice HOHu
Temple 4 transporters


Innate Abilities, Weirdness & Mutations

You have very sharp teeth.
Your uncanny sense of smell can sniff out nearby items.
Your experience applies equally to all skills.


Message History

The bolt of light hits the bloated husk!
The bloated husk is severely damaged.
You block the spriggan rider's attack.
A goliath frog comes into view.
Casting: Plasma Beam (dangerous; 3% risk of failure)
Confirm with . or Enter, or press ? or * to list all spells.
Aiming: Borgnjor's Vile Clutch (mildly dangerous; 1% risk of failure)
Press: ? - help, Shift-Dir - straight line, f - goliath frog, p - bloated husk
Aim: a goliath frog (100% to hit)
You feel a surge of power!
Zombie hands grab the spriggan rider.
Zombie hands grab the bloated husk.
Zombie hands grab the goliath frog.
The zombie hands constrict the bloated husk.
The zombie hands constrict the spriggan rider.
The zombie hands constrict the goliath frog.
The bloated husk escapes!
The goliath frog struggles to escape constriction.
The spriggan rider closely misses you.
You slash the spriggan rider! You freeze the spriggan rider.
You bite the spriggan rider.
The spriggan rider is almost dead.
You hit the bloated husk.
Cheibriados thoroughly appreciates the change of pace.
The bloated husk explodes!
The blast of putrescent gases engulfs you!!!
The blast of putrescent gases engulfs the spriggan rider!!!
The spriggan rider dies!
The hornet dies!
The blast of putrescent gases engulfs the goliath frog!!!
The goliath frog dies!
The fenstrider witch gestures at you while chanting.
You suddenly lose the ability to move!
The fenstrider witch hits you but does no damage.
You writhe in agony!!
* * * LOW HITPOINT WARNING * * *
The fenstrider witch goes berserk!
The fenstrider witch kicks you!!
* * * LOW HITPOINT WARNING * * *
The fenstrider witch hits you with a staff of death!
* * * LOW HITPOINT WARNING * * *
You writhe in agony!!
You die...

♣.♣..~♣.~♣♣♣.~~~≈≈.
.~~~~.....~<.~~≈≈~.
~.~~~..§...~~~~≈~~.
~.~~~~~~..~~...≈...
...~~~~~...~..~≈≈..
~..~.~...♣♣♣..~~≈..
~..§~.♣~~♣ ..~.≈≈~
♣♣♣~~~~~♣♣♣..♣♣~.≈≈
♣....R.@Hn.♣~ ♣..≈
♣.....).).§..~~~.
♣............§~
♣♣....♣...~...~
♣....♣♣.......~
♣.... ♣♣....~.=
.....♣ ..~.♣.§
..... ♣♣...♣~


You could see an eleionoma, a fenstrider witch (berserk) and a bog body.

Vanquished Creatures
  Rupert (D:14)
  The ghost of TobyConnect the Brawler, a journeyman TrCK of Xom (Lair:4)
  The ghost of Yjeari the Unseen, a journeyman GrMo of Gozag (Lair:3)
  2 eleionomae
  A dire elephant (D:15)
  The ghost of Ceyroiss the Quickloader, a journeyman HuWn of Dithmenos (Lair:4)
  The ghost of Fiha the Thaumaturge, a journeyman VSSh of Dithmenos (Lair:4)
  Fannar (Lair:3)
  2 ogre magi
  A vault guard (D:13)
  A rakshasa (D:15)
  3 hydras
  Erica (D:9)
  11 two-headed ogres
  2 centaur warriors
  A dancing weapon (D:13)
  2 tengu warriors
  11 death yaks
  2 boulder beetles
  The ghost of Solx the Martial Artist, a novice GnSh of Hepliaklqana (D:8)
  3 orc high priests (Orc:2)
  Amaemon (Lair:2)
  10 skeletal warriors
  2 skysharks
  Lodul (D:10)
  A goliath frog (Swamp:1)
  2 bog bodies (IceCv)
  3 deep elf pyromancers
  5 orc knights
  Pikel (D:7)
  A wolf spider (D:15)
  6 orc sorcerers
  5 ugly things
  2 salamanders
  7 cyclopes
  3 manticores
  A black mamba (Lair:5)
  Maurice (D:9)
  Joseph (D:9)
  4 meliai
  5 elephants (Lair:2)
  An ice statue (IceCv)
  2 kobold blastminers (Orc:2)
  22 cane toads
  2 orange demons
  3 rime drakes (Lair:3)
  2 freezing wraiths
  Jeremiah (D:7)
  2 kobold demonologists (D:8)
  5 komodo dragons
  6 ice devils
  A queen bee (Lair:3)
  A bloated husk (Swamp:1)
  11 trolls
  2 polar bears
  2 tyrant leeches (Lair:5)
  7 hornets
  A blink frog (shapeshifter) (D:15)
  A wolf spider simulacrum (D:15)
  A raiju (shapeshifter) (D:15)
  36 blink frogs
  A raiju (Orc:1)
  9 slime creatures
  29 yaks
  5 spriggans
  2 shadows
  2 wraiths
  2 vampires
  3 ynoxinuls (D:12)
  2 wyverns
  A fire bat (Orc:1)
  3 basilisks
  A dire elephant simulacrum (IceCv)
  A steam dragon (Bailey)
  A death yak simulacrum (IceCv)
  14 vampire mosquitoes
  2 harpy simulacra (IceCv)
  A naga (Lair:3)
  A hell hound (Orc:1)
  2 acid dragons
  17 orc warriors
  16 water moccasins
  A sky beast (D:6)
  5 black bears
  14 ogres
  8 centaurs
  8 wolves
  2 laughing skulls (D:14)
  A centaur (shapeshifter) (D:15)
  2 lemures (D:7)
  2 phantoms
  7 kobold brigands
  22 bullfrogs
  3 gnoll sergeants
  3 cane toad simulacra (IceCv)
  2 two-headed ogre simulacra (IceCv)
  2 wights (D:9)
  2 elephant simulacra (IceCv)
  33 killer bees
  8 howler monkeys
  4 electric eels
  A bombardier beetle (D:6)
  7 jellies
  11 orc priests
  5 hounds
  Crazy Yiuf (D:7)
  A gnoll bouda (D:7)
  3 sleepcaps
  Natasha (thrice) (D:2)
  2 iguanas
  20 orc wizards
  3 polar bear simulacra (IceCv)
  4 troll simulacra (IceCv)
  5 spriggan simulacra (IceCv)
  A wolf simulacrum (IceCv)
  8 adders
  12 gnolls
  5 naga simulacra (IceCv)
  6 white imps
  A nameless horror (D:6)
  2 ufetubi (IceCv)
  4 dart slugs
  52 orcs
  6 endoplasms
  2 giant cockroaches
  10 goblins
  11 hobgoblins
  7 jackals
  6 quokkas
  18 ball pythons
  12 bats
  A frilled lizard (D:1)
  18 kobolds
  3 rats (D:3)
716 creatures vanquished.

Vanquished Creatures (collateral kills)
  Prince Ribbit (D:5)
  A spriggan (D:9)
  An ogre (Bailey)
  An orc priest (Orc:1)
  2 orc wizards
  2 orcs
8 creatures vanquished.

Vanquished Creatures (others)
  A spriggan (Swamp:1)
  A goliath frog (Swamp:1)
  A hornet (Swamp:1)
  An orc warrior (D:7)
  An orc wizard (Orc:2)
5 creatures vanquished.

Grand Total: 729 creatures vanquished

Notes
Turn   | Place    | Note
-------+----------+-------------------------------------------
     0 | D:1      | Aviak the Gnoll Ice Elementalist began the quest for the
                  | Orb.
     0 | D:1      | Reached XP level 1. HP: 13/13 MP: 6/6
   105 | D:1      | Reached XP level 2. HP: 20/20 MP: 1/7
   462 | D:1      | Reached skill level 5 in Spellcasting
   462 | D:1      | Reached XP level 3. HP: 22/25 MP: 5/9
   484 | D:1      | Learned a level 3 spell: Ozocubu's Armour
   488 | D:1      | Learned a level 3 spell: Frozen Ramparts
   590 | D:1      | Reached skill level 1 in Invocations
   619 | D:1      | Found Edghe's Distillery.
   762 | D:1      | Found a faded altar of an unknown god.
   889 | D:2      | Noticed Natasha
   893 | D:2      | Killed Natasha
   894 | D:2      | Reached skill level 1 in Fighting
   894 | D:2      | Reached skill level 1 in Short Blades
   894 | D:2      | Reached skill level 1 in Long Blades
   894 | D:2      | Reached skill level 1 in Axes
   894 | D:2      | Reached skill level 1 in Maces & Flails
   894 | D:2      | Reached skill level 1 in Polearms
   894 | D:2      | Reached skill level 1 in Staves
   894 | D:2      | Reached skill level 1 in Ranged Weapons
   894 | D:2      | Reached skill level 1 in Throwing
   894 | D:2      | Reached skill level 1 in Armour
   894 | D:2      | Reached skill level 1 in Shields
   894 | D:2      | Reached skill level 1 in Unarmed Combat
   894 | D:2      | Reached skill level 1 in Evocations
   894 | D:2      | Reached skill level 1 in Shapeshifting
   894 | D:2      | Reached XP level 4. HP: 25/32 MP: 6/11
   952 | D:2      | Noticed Natasha
   956 | D:2      | Killed Natasha
   957 | D:2      | Reached skill level 1 in Conjurations
   957 | D:2      | Reached skill level 1 in Hexes
   957 | D:2      | Reached skill level 1 in Summonings
   957 | D:2      | Reached skill level 1 in Necromancy
   957 | D:2      | Reached skill level 1 in Translocations
   957 | D:2      | Reached skill level 1 in Fire Magic
   957 | D:2      | Reached skill level 1 in Air Magic
   957 | D:2      | Reached skill level 1 in Earth Magic
   957 | D:2      | Reached skill level 1 in Alchemy
   989 | D:2      | Noticed Natasha
   994 | D:2      | Killed Natasha
   995 | D:2      | Reached XP level 5. HP: 30/37 MP: 4/12
  1547 | D:2      | Identified the +0 ring mail of Trial and Error {Regen+
                  | Str+2 Dex+3}
  2435 | D:3      | Found a glowing golden altar of the Shining One.
  2514 | D:3      | Reached XP level 6. HP: 44/44 MP: 6/13
  2592 | D:3      | Found a sacrificial altar of Ru.
  2770 | D:4      | Reached skill level 5 in Dodging
  2867 | D:4      | Found a runed translucent gate.
  2867 | D:4      | Found a runed translucent gate.
  2871 | D:4      | Found a runed translucent gate.
  2949 | D:4      | Found a burning altar of Makhleb.
  2997 | D:4      | Noticed braks's ghost (weakling DsDe)
  3117 | D:4      | Learned a level 3 spell: Summon Ice Beast
  3211 | D:5      | Entered Level 5 of the Dungeon
  3300 | D:4      | Found an opulent altar of Gozag.
  3468 | D:4      | Found a basalt altar of Yredelemnul.
  3519 | D:4      | Reached XP level 7. HP: 51/51 MP: 15/15
  3794 | D:5      | Found a staircase to the Ecumenical Temple.
  3873 | Temple   | Found a transporter.
  3873 | Temple   | Found a transporter.
  3873 | Temple   | Found a transporter.
  3873 | Temple   | Found a transporter.
  3873 | Temple   | Entered the Ecumenical Temple
  3891 | Temple   | Became a worshipper of Cheibriados the Contemplative
  3953 | D:5      | Reached skill level 5 in Stealth
  4289 | D:5      | Noticed Prince Ribbit
  4295 | D:5      | Killed Prince Ribbit
  4296 | D:5      | Reached XP level 8. HP: 58/58 MP: 9/16
  4806 | D:6      | Found a runed translucent gate.
  4806 | D:6      | Found a runed translucent gate.
  4806 | D:6      | Found a runed translucent gate.
  4806 | D:6      | Noticed NitroKuite's ghost (novice HOHu)
  5071 | D:6      | Found a shadowy altar of Dithmenos.
  5197 | D:6      | Reached * piety under Cheibriados
  5590 | D:7      | Noticed Jeremiah
  5644 | D:7      | Killed Jeremiah
  5665 | D:7      | Reached XP level 9. HP: 25/65 MP: 15/18
  5899 | D:7      | Found a stormy altar of Qazlal.
  5900 | D:7      | Found a hazy altar of Hepliaklqana.
  5909 | D:7      | Found a bloodstained altar of Trog.
  5909 | D:7      | Found a radiant altar of Vehumet.
  6069 | D:7      | Reached ** piety under Cheibriados
  6078 | D:7      | Found an ancient bone altar of Kikubaaqudgha.
  6080 | D:7      | Noticed Pikel
  6117 | D:7      | Killed Pikel
  6118 | D:7      | Reached skill level 5 in Invocations
  6649 | D:7      | Found a runed translucent door.
  6650 | D:7      | Noticed Crazy Yiuf
  6656 | D:7      | Killed Crazy Yiuf
  6704 | D:8      | Found a runed translucent door.
  6718 | D:8      | Noticed Solx's ghost (novice GnSh)
  6767 | D:8      | Killed Solx's ghost
  6768 | D:8      | Reached skill level 5 in Fighting
  6768 | D:8      | Reached skill level 5 in Short Blades
  6768 | D:8      | Reached skill level 5 in Long Blades
  6768 | D:8      | Reached skill level 5 in Axes
  6768 | D:8      | Reached skill level 5 in Maces & Flails
  6768 | D:8      | Reached skill level 5 in Polearms
  6768 | D:8      | Reached skill level 5 in Staves
  6768 | D:8      | Reached skill level 5 in Ranged Weapons
  6768 | D:8      | Reached skill level 5 in Throwing
  6768 | D:8      | Reached skill level 5 in Armour
  6768 | D:8      | Reached skill level 5 in Shields
  6768 | D:8      | Reached skill level 5 in Unarmed Combat
  6768 | D:8      | Reached skill level 5 in Evocations
  6768 | D:8      | Reached XP level 10. HP: 68/74 MP: 8/20
  6845 | D:8      | Found a flagged portal.
  6882 | D:8      | Reached *** piety under Cheibriados
  6925 | Bailey   | Entered a bailey
  7032 | Bailey   | Noticed a two-headed ogre
  7044 | Bailey   | Reached skill level 5 in Shapeshifting
  7051 | Bailey   | Killed a two-headed ogre
  7344 | D:8      | Noticed a kobold demonologist
  7345 | D:8      | Noticed a kobold demonologist
  7350 | D:8      | Killed a kobold demonologist
  7351 | D:8      | Killed a kobold demonologist
  7404 | D:8      | Noticed a cyclops
  7411 | D:8      | Killed a cyclops
  7447 | D:8      | Reached **** piety under Cheibriados
  7537 | D:8      | Reached skill level 5 in Conjurations
  7537 | D:8      | Reached skill level 5 in Hexes
  7537 | D:8      | Reached skill level 5 in Summonings
  7537 | D:8      | Reached skill level 5 in Necromancy
  7537 | D:8      | Reached skill level 5 in Translocations
  7537 | D:8      | Reached skill level 5 in Fire Magic
  7537 | D:8      | Reached skill level 5 in Air Magic
  7537 | D:8      | Reached skill level 5 in Earth Magic
  7537 | D:8      | Reached skill level 5 in Alchemy
  7537 | D:8      | Reached XP level 11. HP: 81/81 MP: 19/22
  7635 | D:8      | Noticed a deep elf pyromancer
  7649 | D:8      | Killed a deep elf pyromancer
  7803 | D:8      | Found Kufetid's General Store.
  7811 | D:8      | Bought a scroll of teleportation for 33 gold pieces
  7838 | D:8      | Found a sparkling altar of Nemelex Xobeh.
  8161 | D:9      | Identified the +0 hat of Cheibriados's Favour {rElec rCorr
                  | Str+4 Int-5}
  8277 | D:8      | Bought a +6 ring of strength for 396 gold pieces
  8358 | D:9      | Found Gynarha's Book Shop.
  8440 | D:9      | Noticed Maurice
  8454 | D:9      | Something stole 25 gold
  8455 | D:9      | Killed Maurice
  8685 | D:9      | Found Reilius's Distillery.
  8692 | D:9      | Bought a potion of curing for 42 gold pieces
  9048 | D:9      | Noticed Erica
  9061 | D:9      | Killed Erica
  9425 | D:9      | Noticed an eight-headed hydra
  9432 | D:9      | Killed a five-headed hydra
  9432 | D:9      | Reached ***** piety under Cheibriados
  9693 | D:9      | Identified the ring "Jalethra" {Fire +Blink}
  9693 | D:9      | Noticed a centaur warrior
  9697 | D:9      | Killed a centaur warrior
  9698 | D:9      | Reached XP level 12. HP: 30/91 MP: 16/24
  9791 | D:9      | Identified the ring "Egaq Too" {rPois rF++ AC+4 Stlth+}
  9872 | D:9      | Noticed a six-headed hydra
  9881 | D:9      | Killed a one-headed hydra
 10028 | D:9      | Learned a level 5 spell: Lee's Rapid Deconstruction
 10206 | D:9      | Found a staircase to the Lair.
 10211 | D:9      | Noticed Joseph
 10222 | D:9      | Killed Joseph
 10279 | Lair:1   | Entered Level 1 of the Lair of Beasts
 10343 | Lair:1   | Identified the +0 robe of the Invisible Tales {rC+ Regen+
                  | Dex-2 Archmagi}
 10835 | Lair:1   | Reached ****** piety under Cheibriados
 11272 | Lair:2   | Found a staircase to the Swamp.
 11272 | Lair:2   | Noticed an eleionoma
 11301 | Lair:2   | Killed an eleionoma
 11351 | Lair:2   | Noticed a skyshark
 11366 | Lair:2   | Killed a skyshark
 11367 | Lair:2   | Noticed Amaemon
 11374 | Lair:2   | Killed Amaemon
 11385 | Lair:2   | Identified the +3 robe of Day {rElec}
 11624 | Lair:2   | Reached XP level 13. HP: 73/98 MP: 20/26
 11702 | Lair:2   | Reached skill level 10 in Ice Magic
 12220 | Lair:3   | Found a frozen archway.
 12237 | IceCv    | Entered an ice cave
 12511 | IceCv    | Reached skill level 10 in Spellcasting
 12773 | IceCv    | Found the +4 skin of Zhor {*Englaciate rC+++ SInv}
 12877 | Lair:3   | Noticed Yjeari's ghost (journeyman GrMo)
 12892 | Lair:3   | Found a transporter.
 12894 | Lair:3   | Found a transporter.
 12915 | Lair:3   | Reached skill level 10 in Dodging
 12953 | Lair:3   | Killed Yjeari's ghost
 12983 | Lair:3   | Identified the +2 hat of Minor Irritation {^Contam Fly
                  | Will+}
 13254 | Lair:3   | Noticed Fannar
 13278 | Lair:3   | Killed Fannar
 13448 | Lair:3   | Reached skill level 10 in Stealth
 13613 | Lair:3   | Found a staircase to the Snake Pit.
 13897 | Lair:4   | Reached XP level 14. HP: 89/108 MP: 23/28
 13898 | Lair:4   | Reached skill level 10 in Invocations
 14140 | Lair:4   | Found a staircase to the Slime Pits.
 14169 | Lair:4   | Learned a level 6 spell: Bombard
 14384 | Lair:4   | Found a runed translucent gate.
 14384 | Lair:4   | Found a runed translucent gate.
 14384 | Lair:4   | Found a runed translucent gate.
 14385 | Lair:4   | Noticed TobyConnect's ghost (journeyman TrCK)
 14386 | Lair:4   | Noticed Fiha's ghost (journeyman VSSh)
 14387 | Lair:4   | Noticed Ceyroiss's ghost (journeyman HuWn)
 14732 | Lair:5   | Entered Level 5 of the Lair of Beasts
 15226 | Lair:5   | Found the amulet of Vitality {RegenMP++ Regen++}
 15666 | D:10     | Entered Level 10 of the Dungeon
 15709 | D:10     | Noticed Lodul
 15721 | D:10     | Killed Lodul
 15757 | D:10     | Identified the ring of Irrepressible Laughter {Fire Dex+6}
 15787 | D:10     | Reached skill level 10 in Fighting
 15787 | D:10     | Reached skill level 10 in Short Blades
 15787 | D:10     | Reached skill level 10 in Long Blades
 15787 | D:10     | Reached skill level 10 in Axes
 15787 | D:10     | Reached skill level 10 in Maces & Flails
 15787 | D:10     | Reached skill level 10 in Polearms
 15787 | D:10     | Reached skill level 10 in Staves
 15787 | D:10     | Reached skill level 10 in Ranged Weapons
 15787 | D:10     | Reached skill level 10 in Throwing
 15787 | D:10     | Reached skill level 10 in Armour
 15787 | D:10     | Reached skill level 10 in Shields
 15787 | D:10     | Reached skill level 10 in Unarmed Combat
 15787 | D:10     | Reached skill level 10 in Evocations
 15950 | D:10     | Found an iron altar of Okawaru.
 16220 | D:11     | Reached XP level 15. HP: 109/115 MP: 30/30
 16985 | D:12     | Found a staircase to the Orcish Mines.
 17399 | D:12     | Got the Secrets of the Gathering and the Plateau
 17831 | D:13     | Identified the +4 scale mail of Monotheism {rPois Will+++
                  | Dex+2 Stlth-}
 17833 | D:13     | Found a gate to the Vaults.
 17995 | D:13     | Learned a level 5 spell: Borgnjor's Vile Clutch
 18271 | D:12     | Identified the +1 hand axe of the Puffin {antimagic, rC+
                  | rN+ rCorr Str+3}
 18396 | D:14     | HP: 2/117 [titanic slime creature (76)]
 18534 | D:14     | Found Aunohoqaorgh's Alliterative Armaments.
 18550 | D:14     | Noticed Rupert
 18560 | D:14     | Killed Rupert
 19163 | D:15     | Entered Level 15 of the Dungeon
 19700 | D:15     | Reached skill level 10 in Shapeshifting
 19724 | D:15     | Found a staircase to the Depths.
 20462 | Orc:1    | Entered Level 1 of the Orcish Mines
 20492 | Orc:1    | Paralysed by an orc sorcerer for 3 turns
 20498 | Orc:1    | Reached XP level 16. HP: 120/124 MP: 32/32
 20555 | Orc:1    | Found a shimmering altar of Xom.
 20842 | Orc:2    | Entered Level 2 of the Orcish Mines
 20858 | Orc:2    | Found a staircase to the Elven Halls.
 21066 | Orc:2    | Found Ajaetsyhiph's Distillery.
 21090 | Orc:2    | Bought a potion of curing for 39 gold pieces
 21090 | Orc:2    | Bought a potion of heal wounds for 65 gold pieces
 21090 | Orc:2    | Bought a potion of curing for 39 gold pieces
 21217 | Orc:2    | Found Gilast's Book Boutique.
 21217 | Orc:2    | Found Pagil's General Store.
 21224 | Orc:2    | Found Entoa's Distillery.
 21224 | Orc:2    | Found Oshruhehus's Magic Scroll Shoppe.
 21230 | Orc:2    | Bought the Octavo of Viperous Invitation for 624 gold
                  | pieces
 21230 | Orc:2    | Bought a book of Lightning for 468 gold pieces
 21236 | Orc:2    | Learned a level 5 spell: Irradiate
 21243 | Orc:2    | Learned a level 6 spell: Plasma Beam
 21247 | Orc:2    | Bought a potion of invisibility for 128 gold pieces
 21247 | Orc:2    | Bought a potion of curing for 48 gold pieces
 21247 | Orc:2    | Bought 2 potions of curing for 96 gold pieces
 21248 | Orc:2    | Bought a scroll of identify for 28 gold pieces
 21248 | Orc:2    | Bought a scroll of blinking for 105 gold pieces
 21248 | Orc:2    | Bought 2 scrolls of identify for 56 gold pieces
 21258 | Orc:2    | Bought a potion of magic for 96 gold pieces
 22053 | Lair:4   | Killed Ceyroiss's ghost
 22064 | Lair:4   | Killed Fiha's ghost
 22064 | Lair:4   | Killed TobyConnect's ghost
 22161 | Swamp:1  | Entered Level 1 of the Swamp
 22194 | Swamp:1  | Noticed a fenstrider witch
 22198 | Swamp:1  | Paralysed by a fenstrider witch for 5 turns
 22202 | Swamp:1  | HP: 1/125 [fenstrider witch/staff of death (14)]
 22202 | Swamp:1  | Demolished by a fenstrider witch

Illustrated notes

Levels and vault maps discovered:
D:1:      minmay_arrival_open_corners, layout_rooms, serial_shops,
          nicolae_shop_crystal, chequers_ecumenical_altar_island, st_stairs_8
D:2:      layout_loops_ring, uniq_natasha
D:3:      kennysheep_six_static_rooms, layout_rooms,
          nicolae_tso_swordbearing_angel, nicolae_ru_awakened_eye
D:4:      layout_loops_ring, nicolae_gozag_cash_rules_everything_around_me,
          mainiacjoe_overflow_big_doors, gammafunk_ghost_icy, minmay_ruptured
D:5:      layout_gridville, minmay_temple_entry_butterflies, uniq_prince_ribbit1
D:6:      layout_gridville, nicolae_dithmenos_through_a_glass_darkly,
          gammafunk_ghost_necromancy
D:7:      layout_loops_cross, mainiacjoe_overflow_concentric_impassable,
          mainiacjoe_overflow_alcove_3, uniq_jeremiah, uniq_crazy_yiuf_cottage,
          uniq_pikel
D:8:      minmay_distorted_concentric_squares, layout_basic,
          nemelex_spade_bored_becter, serial_shops,
          nicolae_shop_advertising_works [nicolae_subvault_shop_adworks],
          enter_bailey_5, ebering_ghost_reflecting_pool, reono_crystal_passage
D:9:      minmay_the_grid_square_5x5_4x4 [minmay_the_grid_square_5x5_dogpile,
          minmay_the_grid_square_5x5_half_checkered,
          minmay_the_grid_square_5x5_c, minmay_the_grid_square_5x5_tetrominoes,
          minmay_the_grid_square_5x5_shuriken,
          minmay_the_grid_square_5x5_prize_deathbox,
          minmay_the_grid_square_5x5_prize_open, minmay_the_grid_square_5x5_n,
          minmay_the_grid_square_5x5_lines,
          minmay_the_grid_square_5x5_prize_rear_guard,
          minmay_the_grid_square_5x5_prize_snowflake,
          minmay_the_grid_square_5x5_one_wall, minmay_the_grid_square_5x5_fat_x,
          minmay_the_grid_square_5x5_doubleslash,
          minmay_the_grid_square_5x5_inner_v, minmay_the_grid_square_5x5_meh],
          layout_gridville, lair_entry_dummy, serial_shops,
          nicolae_shop_back_alley_shop, shop, abandoned_shop, the_hattery,
          uniq_erica, uniq_maurice, uniq_joseph
D:10:     layout_rooms, kennysheep_little_box, minmay_holes, minivault_11,
          uniq_lodul
D:11:     layout_gridville, roderic_serpentine_path
D:12:     cheibrodos_quadrivalence, layout_loops_cross
D:13:     layout_long_grid, erik_vaults_1
D:14:     layout_roguey, serial_curves, eino_curves_01, eino_curves_01,
          eino_curves_02, eino_curves_02, monkooky_shop_alliterative,
          uniq_rupert
D:15:     hangedman_depths_entry_try_elsewhere_first, layout_layer_cave,
          hangedman_abyss_or_decor_stabs, st_stairs_4
Temple:   hellmonk_temple_divided_pantheon
Lair:1:   layout_gridlike
Lair:2:   layout_cave_pods, alex1729_swamp_entry_worm_eleionoma,
          chequers_serial_rivers_marsh, infiniplex_staircase_pool_2,
          uniq_amaemon
Lair:3:   layout_regular_city, alex1729_snake_entry_snake, gammafunk_ghost_hive,
          portal_ice_cave_rime, uniq_fannar
Lair:4:   layout_small_grid, nicolae_slime_entry_slimehenge,
          gammafunk_ghost_cemetery, pond
Lair:5:   minmay_lair_end_frog_pond, layout_misc_corridors
Swamp:1:  nicolae_swamp_wrong_neighborhood, layout_basic_swamp,
          evilmike_swamp_ruin_house_4, swamp_pool_1_2, nicolae_swamp_oxbows,
          nicolae_swamp_trees_clearing, nicolae_swamp_reclaimed_castle,
          nicolae_swamp_some_circles, hangedman_swamp_blocks,
          nicolae_swamp_tree_designs, tekkud_bubbles_buried_in_this_jungle,
          uniq_jorgrun, uniq_donald
Orc:1:    layout_caves, regret_index_minedec_devilstone, regret_index_xom_of_box
Orc:2:    grunt_orc_tribal_feast, layout_caves, serial_shops,
          nicolae_lakefront_shop

Skill      XL: |  1  2  3  4  5  6  7  8  9 10 11 12 13 14 15 16 |
---------------+-------------------------------------------------+-----
Spellcasting   | 5 6 7 8 9 10 11 12 | 12.3
Invocations    | 1 2 3 4 5 6 7 8 9 10 11 12 | 12.4
Fighting       | 1 2 3 5 6 7 8 9 10 11 | 11.3
Short Blades   | 1 2 3 5 6 7 8 9 10 11 | 11.3
Long Blades    | 1 2 3 5 6 7 8 9 10 11 | 11.3
Axes           | 1 2 3 5 6 7 8 9 10 11 | 11.3
Maces & Flails | 1 2 3 5 6 7 8 9 10 11 | 11.3
Polearms       | 1 2 3 5 6 7 8 9 10 11 | 11.3
Staves         | 1 2 3 5 6 7 8 9 10 11 | 11.3
Ranged Weapons | 1 2 3 5 6 7 8 9 10 11 | 11.3
Throwing       | 1 2 3 5 6 7 8 9 10 11 | 11.3
Armour         | 1 2 3 5 6 7 8 9 10 11 | 11.3
Shields        | 1 2 3 5 6 7 8 9 10 11 | 11.3
Unarmed Combat | 1 2 3 5 6 7 8 9 10 11 | 11.3
Evocations     | 1 2 3 5 6 7 8 9 10 11 | 11.3
Shapeshifting  | 1 2 3 4 5 6 7 8 9 10 | 10.4
Conjurations   | 1 2 3 4 5 6 7 8 9 |  9.5
Hexes          | 1 2 3 4 5 6 7 8 9 |  9.5
Summonings     | 1 2 3 4 5 6 7 8 9 |  9.5
Necromancy     | 1 2 3 4 5 6 7 8 9 |  9.5
Translocations | 1 2 3 4 5 6 7 8 9 |  9.5
Fire Magic     | 1 2 3 4 5 6 7 8 9 |  9.5
Air Magic      | 1 2 3 4 5 6 7 8 9 |  9.5
Earth Magic    | 1 2 3 4 5 6 7 8 9 |  9.5
Alchemy        | 1 2 3 4 5 6 7 8 9 |  9.5
Dodging        | 5 6 7 8 9 10 11 12 | 12.2
Stealth        | 5 6 7 8 9 10 11 12 | 12.0
Ice Magic      | 8 9 10 11 | 11.8

Action                     |  1- 3 |  4- 6 |  7- 9 | 10-12 | 13-15 | 16-18 || total
---------------------------+-------+-------+-------+-------+-------+-------++-------
  Melee: Short sword       |    28 |       |       |       |       |       ||    28
         Staff             |    17 |    23 |       |       |       |       ||    40
         Bite              |       |     7 |    22 |    34 |   108 |    26 ||   197
         Dagger            |       |     8 |       |       |       |       ||     8
         Falchion          |       |    39 |   136 |    18 |       |       ||   193
         Punch             |       |     2 |       |       |       |       ||     2
         Broad axe         |       |       |       |   217 |   696 |   162 ||  1075
         Unarmed           |       |       |       |     9 |       |       ||     9
         Scimitar          |       |       |       |     9 |     6 |       ||    15
   Cast: Freeze            |    44 |    59 |    14 |     1 |       |       ||   118
         Frozen Ramparts   |     1 |    11 |    23 |    42 |    52 |     5 ||   134
         Ozocubu's Armour  |       |     2 |    15 |    34 |    33 |     6 ||    90
         Summon Ice Beast  |       |       |     3 |     8 |     2 |     2 ||    15
         Lee's Rapid Decon |       |       |       |       |    26 |     1 ||    27
         Borgnjor's Vile C |       |       |       |       |    10 |    16 ||    26
         Bombard           |       |       |       |       |    10 |     5 ||    15
         Plasma Beam       |       |       |       |       |       |     8 ||     8
         Irradiate         |       |       |       |       |       |     2 ||     2
 Invoke: Bend Time         |       |       |       |       |     3 |     2 ||     5
         Slouch            |       |       |       |       |     3 |       ||     3
         Step From Time    |       |       |       |       |     1 |       ||     1
  Evoke: Wand              |       |       |     9 |     6 |     8 |     1 ||    24
         Condenser vane    |       |       |       |       |     3 |       ||     3
    Use: Potion            |     1 |       |       |     1 |     1 |       ||     3
         Scroll            |       |       |     9 |     4 |     7 |     6 ||    26
   Stab: Sleeping          |     2 |     5 |     3 |    11 |    26 |     8 ||    55
         Distracted        |       |       |       |     1 |     4 |     2 ||     7
 Armour: Robe              |    63 |    51 |    97 |   200 |   355 |    93 ||   859
         Skin              |       |       |       |     2 |       |       ||     2
         Leather armour    |       |       |       |     1 |       |       ||     1
  Dodge: Dodged            |    86 |    78 |    96 |   291 |   631 |   160 ||  1342
  Block: Buckler           |       |       |       |    95 |   306 |    84 ||   485
